 Dungeon Crawl Stone Soup version 0.17-a0-2101-g0c122e7 (webtiles) character file.

36 Gruud the Skirmisher (level 3, 0/28 HPs)
             Began as a Demonspawn Skald on Oct 18, 2015.
             Succumbed to an adder's poison
             ... on level 2 of the Dungeon.
             The game lasted 00:02:43 (798 turns).

Gruud the Skirmisher (Demonspawn Skald)              Turns: 798, Time: 00:02:43

Health: 0/28       AC:  6    Str: 12    XL:     3   Next: 19%
Magic:  4/6        EV: 11    Int: 13    God:
Gold:   69         SH:  0    Dex: 13    Spells: 1 memorised, 5 levels left

rFire  . . .     SeeInvis .     a - +0 hand axe
rCold  . . .     Clarity  .     i - +0 ring mail
rNeg   . . .     SustAt   .     (no shield)
rPois  .         Gourm    .     (no helmet)
rElec  .         Spirit   +     e - +0 cloak
rCorr  .         Warding  .     (no gloves)
rMut   .         Stasis   .     (no boots)
MR     .....                    (no amulet)
Stlth  +.........               (no ring)
                                (no ring)

@: lethally poisoned (0 -> -3), very slightly contaminated, hasted, very quick,
not resistant to hostile enchantments, very unstealthy
A: magic shield
a: no special abilities


You were on level 2 of the Dungeon.
You were not hungry.

You visited 1 branch of the dungeon, and saw 2 of its levels.

You collected 69 gold pieces.

Inventory:

Hand Weapons
 a - a +0 hand axe (weapon)
Armour
 e - a +0 cloak (worn)
 i - a +0 ring mail (worn)
Scrolls
 b - a scroll of identify {unknown}
 h - a scroll of enchant weapon {unknown}
 j - 2 scrolls of teleportation {unknown}
 l - a scroll of remove curse {unknown}
Potions
 k - a potion of haste
Books
 c - a book of Battle

   Spells                             Type                      Level
   a - Infusion                       Charms                       1
   b - Shroud of Golubria             Charms/Translocation         2
   c - Song of Slaying                Charms                       2
   d - Spectral Weapon                Hexes/Charms                 3
   e - Regeneration                   Charms/Necromancy            3
Comestibles
 d - 2 bread rations
 f - 4 chunks of flesh
 g - a meat ration


   Skills:
 * Level 2.9 Fighting
 - Level 1.7 Axes
 + Level 1.1 Armour
 + Level 1.9 Dodging
 - Level 2.0 Spellcasting
 - Level 2.6 Charms


You had 5 spell levels left.
You knew the following spells:

 Your Spells              Type           Power        Failure   Level  Hunger
a - Infusion              Chrm           #.....       21%         1    ##.....


Dungeon Overview and Level Annotations

Branches:
Dungeon (2/15)

Altars:


Innate Abilities, Weirdness & Mutations

When hurt, damage is shared between your health and your magic reserves.


Message History

* * * LOW HITPOINT WARNING * * *
You feel sick.
You closely miss the bat.
The bat is heavily wounded.
The bat hits you. The bat closely misses you.
You closely miss the bat.
The bat is heavily wounded.
The bat hits you but does no damage.
* * * LOW HITPOINT WARNING * * *
You feel sick. The bat hits you but does no damage.
You see here a potion of haste.
You hit the bat but do no damage.
The bat is heavily wounded.
The bat hits you but does no damage. The bat misses you.
You hit the bat but do no damage.
The bat is heavily wounded.
The bat completely misses you.
You die...

#.# #.##<#
#.####.##.####
#.###............#
#..........##.##.#
#############.# #
#.# #.# #######
#.# #.@.!.# #.#
#.....# #.#
###?..# #.#
#..b.#####.#
####....##....#
#...$.####.####
#.......##.#
###.....##.#####.#
#....#..#........#


You could see a bat.

Vanquished Creatures
  An adder (D:2)
  A giant gecko (D:1)
  2 ball pythons (D:1)
  4 giant cockroaches (D:1)
  4 hobgoblins (D:1)
  2 jackals (D:1)
  3 kobolds (D:1)
  6 bats
  A giant newt (D:1)
24 creatures vanquished.

Notes
Turn   | Place    | Note
--------------------------------------------------------------
     0 | D:1      | Gruud the Demonspawn Skald began the quest for the Orb.
     0 | D:1      | Reached XP level 1. HP: 16/16 MP: 3/3
    25 | D:1      | Reached skill level 1 in Dodging
    44 | D:1      | Reached skill level 1 in Armour
   130 | D:1      | Gained mutation: When hurt, damage is shared between your health and your magic reserves. [demonic ancestry]
   130 | D:1      | Reached XP level 2. HP: 17/22 MP: 5/5
   775 | D:2      | Reached XP level 3. HP: 7/28 MP: 3/6
   788 | D:2      | HP: 1/28 [poisoned by an adder]
   793 | D:2      | HP: 1/28 [poisoned by an adder]
   798 | D:2      | Succumbed to an adder's poison

Vault maps used:
D:1:      roderic_octagonal_star
D:2:      first_bread, hangedman_decor_push, st_stairs_4

Action                   || total
-------------------------++-------
Melee: Hand axe          ||   100
  Use: Potion            ||     1
